AoeStats
← klydr

Highland

504309374Analyzed
4v4 RM · 28d ago on Sep 4, 2026· 61m 52s· 8 players
Game mode
Random Map
Map size
Large (8 player)
Population
200
Speed
Normal
Resources
Standard
Victory
Conquest
Starting age
Dark Age
Ending age
Imperial Age
RankedLock teamsTeams togetherTeam positionsShared explorationLock speedFull tech treeHidden civsTurbo modeCheats
Victory
Defeat
🇲🇽 Franks · Mexico
932
+12
🇰🇿 Japanese · Kazakhstan
840
+16
🇺🇸 Franks · United States
836
+16
🇭🇺 Persians · Hungary
823
+17
🇪🇸 Vikings · Spain
896
-18
🇫🇷 Mongols · France
879
-17
🇦🇷 Portuguese · Argentina
844
-15
🇬🇷 Teutons · Greece
755
-11
wild
0:27 Loom
12:10 Feudal Age
14:39 Double-Bit Axe
18:49 Castle Age
17:37 Gold Mining
19:38 Wheelbarrow
20:39 Bow Saw
22:59 Sanctity
26:46 Fortified Wall
27:10 Stone Mining
29:03 Town Watch
29:34 Hand Cart
29:49 Forging
35:09 Imperial Age
34:27 Gold Shaft Mining
34:56 Masonry
34:49 Town Patrol
35:23 Husbandry
35:49 Squires
35:53 Chivalry
36:14 Conscription
36:13 Caravan
37:16 Iron Casting
38:10 Cavalier
41:30 Paladin
47:36 Blast Furnace
46:42 Scale Barding Armor
46:28 Fletching
48:49 #83
47:50 Elite Throwing Axeman
49:07 Hoardings
53:55 Chain Barding Armor
53:36 Scale Mail Armor
53:32 Bodkin Arrow
53:37 Padded Archer Armor
53:52 Fervor
53:58 Block Printing
DeathPanther
5:15 Loom
11:25 Feudal Age
16:16 Castle Age
16:34 Double-Bit Axe
21:43 Wheelbarrow
22:16 Bow Saw
23:39 Hand Cart
25:03 Gold Mining
25:03 Stone Mining
29:27 Forging
29:20 Scale Mail Armor
29:25 Scale Barding Armor
30:07 Caravan
30:07 Town Watch
30:48 Fervor
34:50 Imperial Age
32:25 Husbandry
34:12 Gold Shaft Mining
34:50 #83
35:02 Ballistics
35:34 Town Patrol
35:25 Cavalier
36:36 Chivalry
37:02 Conscription
36:45 Arson
37:00 Squires
37:37 Iron Casting
37:23 Chain Barding Armor
38:50 Paladin
51:42 Chemistry
50:53 Masonry
50:39 Murder Holes
57:02 Blast Furnace
56:37 Plate Barding Armor
56:19 Chain Mail Armor
58:08 Hoardings
58:02 Fletching
58:21 Siege Engineers
58:47 Architecture
TheRamblingWorld
0:41 Loom
10:40 Feudal Age
11:51 Wheelbarrow
11:07 Double-Bit Axe
12:03 Horse Collar
14:48 Town Watch
20:43 Castle Age
18:45 Scale Mail Armor
18:55 Forging
19:37 Forging
19:19 Fletching
21:03 Padded Archer Armor
21:50 Pikeman
22:50 Squires
24:10 Bow Saw
25:44 Hand Cart
27:50 Stone Mining
27:51 Gold Mining
28:02 Bodkin Arrow
28:22 Leather Archer Armor
28:12 Heavy Plow
29:48 Gold Shaft Mining
29:48 Stone Shaft Mining
31:56 Bloodlines
31:47 Husbandry
32:17 Scale Barding Armor
32:48 Iron Casting
31:46 Light Cavalry
38:12 Chain Barding Armor
42:51 Imperial Age
40:23 Town Patrol
40:37 Masonry
40:23 Murder Holes
40:48 Ballistics
42:33 Hussar
42:35 Cavalier
44:23 Conscription
44:46 Plate Barding Armor
45:53 Blast Furnace
45:28 Crop Rotation
45:47 Savar
47:53 Hoardings
47:53 Architecture
47:54 Citadels
48:01 Capped Ram
50:21 Two-Man Saw
50:33 Chemistry
50:10 Siege Ram
Françaisman
2:36 Loom
9:51 Feudal Age
10:17 Horse Collar
17:45 Gold Mining
17:48 Stone Mining
21:21 Castle Age
19:50 Arson
24:44 Caravan
25:14 Coinage
26:12 Heavy Plow
26:27 Double-Bit Axe
29:00 Bow Saw
29:53 Pikeman
29:54 Man-at-Arms
30:19 Gambesons
31:23 Forging
31:14 Scale Mail Armor
31:52 Gold Shaft Mining
32:12 Wheelbarrow
32:35 Fervor
32:59 Thumb Ring
32:16 Crossbowman
33:22 Hand Cart
33:43 Fortified Wall
33:14 Treadmill Crane
33:44 Squires
33:05 Long Swordsman
34:01 Town Watch
37:17 Imperial Age
35:20 Town Patrol
36:06 Yasama
37:31 Ballistics
37:06 Murder Holes
38:01 Iron Casting
37:41 Chain Mail Armor
37:31 Scale Barding Armor
39:20 Two-Man Saw
37:42 Two-Handed Swordsman
37:43 Halberdier
40:56 Blast Furnace
40:11 Chain Mail Armor
40:17 Chain Barding Armor
39:47 Fletching
39:57 Padded Archer Armor
41:00 Chemistry
40:06 Siege Engineers
41:15 Conscription
41:16 Kataparuto
42:11 Arbalester
43:17 Parthian Tactics
43:28 Plate Mail Armor
45:56 Elite Skirmisher
45:56 Heavy Cavalry Archer
46:36 Bodkin Arrow
46:56 Leather Archer Armor
47:37 Bracer
50:42 Champion
53:55 Ring Archer Armor
53:37 Masonry
53:38 Careening
53:49 Shipwright
53:39 Clinker Construction
53:20 Guard Tower
53:15 Arrowslits
53:43 Fervor
53:49 Block Printing
53:59 Illumination
53:30 Herbal Medicine
54:10 Theocracy
53:35 Devotion
53:56 Sanctity
53:46 Redemption
53:37 Atonement
53:46 Elite Cannon Galleon
53:47 Demolition Ship
54:37 Medium Warships
54:07 Fishing Lines
54:48 Capped Ram
54:49 Onager
54:49 Heavy Scorpion
54:51 Light Cavalry
54:51 Cavalier
55:42 Bloodlines
55:32 Husbandry
55:06 Elite Samurai
56:35 Coinage
56:53 Dry Dock
57:15 Hoardings
57:11 Heavy Warships
57:04 Bloodlines
56:55 Husbandry
56:19 Heavy Scorpion
57:48 Redemption
57:38 Atonement
58:02 Carvel Hull
58:18 Keep
58:04 Gillnets
59:47 Faith
60:20 Banking
61:23 Spies/Treason
Caballo Loco
3:08 Loom
10:34 Feudal Age
11:19 Feudal Age
12:04 Horse Collar
12:11 Double-Bit Axe
18:53 Castle Age
17:57 Forging
17:38 Fletching
18:38 Scale Mail Armor
18:37 Stone Mining
18:45 Gold Mining
19:40 Pikeman
21:39 Crossbowman
24:52 Town Watch
25:22 Bow Saw
27:46 Iron Casting
27:54 Squires
30:18 Gold Shaft Mining
29:35 Gambesons
30:35 Chain Mail Armor
35:41 Imperial Age
33:28 Arson
33:41 Bodkin Arrow
33:49 Padded Archer Armor
34:06 Town Patrol
klydr
11:22 Feudal Age
12:25 Feudal Age
11:54 Loom
16:36 Castle Age
15:45 Horse Collar
15:53 Double-Bit Axe
17:30 Stone Mining
21:00 Wheelbarrow
22:10 Heavy Plow
22:49 Gold Mining
24:21 Bow Saw
27:37 Hand Cart
27:55 Ballistics
29:28 Fortified Wall
29:14 Murder Holes
30:46 Stone Shaft Mining
30:48 Gold Shaft Mining
33:06 Imperial Age
30:45 Padded Archer Armor
30:35 Fletching
31:38 Scale Mail Armor
31:48 Forging
31:54 Leather Archer Armor
32:25 Nomads
32:45 Masonry
32:37 Bodkin Arrow
32:57 Chain Mail Armor
32:51 Scale Barding Armor
32:57 Squires
32:20 Pikeman
32:45 Arson
34:13 Conscription
34:13 Drill
34:31 Hoardings
33:52 Capped Ram
34:42 Bracer
35:17 Iron Casting
35:17 Elite Mangudai
39:15 Plate Mail Armor
38:37 Siege Ram
38:44 Heavy Scorpion
41:18 Blast Furnace
41:24 Chemistry
42:10 Caravan
42:41 Coinage
Elentin
11:50 Feudal Age
25:44 Castle Age
25:05 Fletching
25:05 Double-Bit Axe
25:03 Horse Collar
25:17 Gold Mining
25:21 Stone Mining
27:07 Bow Saw
33:23 Imperial Age
32:30 Bodkin Arrow
35:49 Chemistry
35:44 Stone Shaft Mining
35:48 Wheelbarrow
35:45 Bloodlines
37:10 Heavy Plow
38:17 Two-Man Saw
37:20 Cavalier
39:32 Crop Rotation
40:15 Ballistics
42:24 Paladin
45:45 Forging
45:41 Scale Barding Armor
47:18 Conscription
47:19 Crenellations
50:27 Hoardings
50:48 Iron Casting
50:22 Pikeman
51:28 Chain Barding Armor
51:12 Squires
51:23 Halberdier
52:58 Scale Mail Armor
53:35 Masonry
58:25 Chain Mail Armor
58:59 Hand Cart
60:19 Plate Mail Armor
60:57 Arrowslits
alee__juliann
14:20 Feudal Age
12:36 Loom
15:07 Double-Bit Axe
15:03 Horse Collar
23:38 Castle Age
23:58 Stone Mining
23:59 Gold Mining
24:00 Fletching
24:11 Padded Archer Armor
24:34 Crossbowman
26:09 Wheelbarrow
25:20 Town Watch
27:40 Heavy Plow
27:50 Bow Saw
28:01 Fervor
28:21 Caravan
31:17 Imperial Age
31:47 Hand Cart
31:31 Bodkin Arrow
31:51 Leather Archer Armor
33:01 Conscription
34:10 Chemistry
33:10 Murder Holes
34:08 Bracer
34:42 Ring Archer Armor
35:31 Crop Rotation
36:15 Two-Man Saw
36:05 Fortified Wall
36:44 Guilds
38:24 Circumnavigation
38:49 Forging
38:45 Scale Barding Armor
38:52 Bloodlines
38:42 Husbandry
39:20 Masonry
39:51 Stone Shaft Mining
40:25 Town Patrol
39:52 Light Cavalry
39:52 Cavalier
40:47 Arbalester
41:39 Thumb Ring
41:56 Pikeman
43:21 Iron Casting
42:46 Scale Mail Armor
43:37 Block Printing
43:20 Herbal Medicine
44:24 Chain Barding Armor
45:05 Blast Furnace
44:14 Siege Engineers
44:52 Ballistics
44:20 Halberdier
46:45 Architecture
45:57 Treadmill Crane
53:30 Chain Mail Armor
Connection lost

Rejoining the realm…

Still unreachable

The connection could not be restored.

Session expired

The server has moved on; the page needs a fresh start.